 Dungeon Crawl Stone Soup version 0.29-a0-542-g075992c915 (webtiles) character file.

Game seed: 2537085631836597525

0 ytrimaz the Ducker (level 1, -1/10 HPs)
             Began as a Felid Chaos Knight on June 5, 2022.
             Was a Plaything of Xom.
             Killed from afar by a dart slug (3 damage)
             ... with a slug dart
             ... on level 1 of the Dungeon.
             The game lasted 00:00:37 (307 turns).

ytrimaz the Ducker (Felid Chaos Knight)              Turns: 307, Time: 00:00:38

Health: -1/10      AC:  1    Str:  8    XL:     1   Next: 8%
Magic:  2/2        EV: 17    Int: 13    God:    Xom [..*...]
Gold:   29         SH:  0    Dex: 15    Spells: 0/0 levels left
                                        Lives:  0   Deaths: 0

rFire   . . .      SeeInvis +     - Unarmed
rCold   . . .      Faith    .   (shield unavailable)
rNeg    . . .      Spirit   .   (body armour unavailable)
rPois   .          Reflect  .   (helmet unavailable)
rElec   .          Harm     .   (cloak unavailable)
rCorr   .          Rampage  .   (gloves unavailable)
Will    .....                   (boots unavailable)
Stlth   +.........              (no amulet)
HPRegen 0.03/turn               (no ring)
MPRegen 0.08/turn               (no ring)

@: quick
A: very small, claws 1, fangs 3, see invisible, speed 1, shaggy fur 1, stealthy
paws, no weapons or thrown items, no armour, multi-lived
a: Renounce Religion


You were on level 1 of the Dungeon.
You worshipped Xom.
You were a toy of Xom.
You visited 1 branch of the dungeon, and saw 2 of its levels.

You collected 29 gold pieces.

Inventory:

Potions
 b - a potion of haste {unknown}
 c - a potion of invisibility {unknown}
Miscellaneous
 a - a piece from Xom's chessboard (15/15) (quivered)


   Skills:
 - Level 3.0 Fighting
 + Level 3.2 Dodging
 * Level 0.2 Stealth
 - Level 3.0 Unarmed Combat


You couldn't memorise any spells.
You didn't know any spells.
Your spell library contained the following spells:

 Spells                   Type           Power      Damage    Failure   Level
 Inner Flame              Hex/Fire       0%         N/A       67%         3
 Cause Fear               Hex            0%         N/A       97%         4
 Discord                  Hex            0%         N/A       100%        8


Dungeon Overview and Level Annotations

Branches:
Dungeon (2/15)

Altars:


Innate Abilities, Weirdness & Mutations

You have sharp claws.
You have razor-sharp teeth.
You have supernaturally acute eyesight. (SInv)
You cover ground quickly. (Speed+)
You are covered in fur. (AC +1)
Your paws help you pounce on unaware monsters.
You are incapable of wielding weapons or throwing items.
You cannot wear armour.
You gain extra lives every three experience levels.


Message History

The ball python bites you. The ball python closely misses you.
You closely miss the ball python. The ball python completely misses you.
The ball python misses you.
You barely miss the ball python. The ball python misses you.
The ball python barely misses you.
You claw the ball python!
You kill the ball python!
You see here a ball python corpse.
HP restored.
You now have 29 gold pieces (gained 17).
c - a viscous inky potion A dart slug comes into view.
A dart slug is nearby!
A dart slug is nearby!
Found a sapphire potion.
The dart slug launches a dart at you. The slug dart misses you.
The dart slug launches a dart at you. The slug dart hits you.
An endoplasm comes into view.
The dart slug launches a dart at you. The slug dart hits you.
You scratch the dart slug. You bite the dart slug.
The dart slug is heavily wounded.
You scratch the dart slug but do no damage.
The dart slug is heavily wounded.
The dart slug launches a dart at you. The slug dart hits you.
* * * LOW HITPOINT WARNING * * *
You scratch the dart slug but do no damage.
The dart slug is heavily wounded.
The dart slug barely misses you.
You scratch the dart slug but do no damage.
The dart slug is heavily wounded.
Unknown command.
You scratch the dart slug.
The dart slug is severely wounded.
The dart slug launches a dart at you. The slug dart hits you.
You die...

#. ### ####. ..# ..#.
#.# ... #.# #.. #.# #J.
#.# ######
#####..#####.######.....
.......@................
...##.w.................
#...............###.
#...............###.
#!#####............. ...
..........†...# ....
...#............ ....
.......######.###
..######....P..PP


You could see a dart slug and an endoplasm (asleep).

Vanquished Creatures
  A ball python (D:1)
1 creature vanquished.

Vanquished Creatures (others)
  3 fungi (D:1)
  A plant (D:1)
4 creatures vanquished.

Grand Total: 5 creatures vanquished

Notes
Turn   | Place    | Note
-------+----------+-------------------------------------------
     0 | D:1      | ytrimaz the Felid Chaos Knight began the quest for the Orb.
     0 | D:1      | Reached XP level 1. HP: 10/10 MP: 2/2
   307 | D:1      | Killed from afar by a dart slug

Illustrated notes

Levels and vault maps discovered:
D:1:      dpeg_arrival_water_fire, layout_basic, serial_shops,
          nicolae_shop_waterfront, shapermc_ecumenical_altar_totnotflames,
          item_on_display_a
D:2:      layout_basic, uniq_crazy_yiuf_cottage, uniq_jessica

Action                   || total
-------------------------++-------
Melee: Unarmed           ||    17
       Bite              ||     4
       Punch             ||     1
Dodge: Dodged            ||     7

Table legend: (Time is in decaauts)
 A = Elapsed time spent in this place.
 B = Non-inter-level travel time spent in this place.
 C = Inter-level travel time spent in this place.
 D = Time resting spent in this place.
 E = Time spent auto-exploring this place.
 F = Levels seen in this place.
 G = Mean time per level.
                   A        B        C        D        E       F      G
               +--------+--------+--------+--------+--------+-----+--------+
         Total |    256 |    245 |     11 |      0 |    198 |   2 |  128.0 |
       Dungeon |    256 |    245 |     11 |      0 |    198 |   2 |  128.0 |
               +--------+--------+--------+--------+--------+-----+--------+

Top non-repeatable levels by time:
     D:1: 254 daAuts
     D:2: 1 daAuts
